 Dungeon Crawl Stone Soup version 0.27.0-1-g7a089689b8 (webtiles) character file.

Game seed: 9855979584787347907

16 Smaepdii the Shooter (level 2, 0/16 HPs)
             Began as a Deep Elf Arcane Marksman on Aug 5, 2021.
             Frozen to death by an endoplasm (3 damage)
             ... on level 1 of the Dungeon.
             The game lasted 00:01:17 (276 turns).

Smaepdii the Shooter (Deep Elf Arcane Marksman)      Turns: 276, Time: 00:01:18

Health: 0/16       AC:  2    Str:  7    XL:     2   Next: 37%
Magic:  6/6        EV: 12    Int: 17    God:
Gold:   0          SH:  0    Dex: 15    Spells: 3/4 levels left

rFire    . . .     SeeInvis .   a - +0 shortbow
rCold    . . .     Faith    .   (shield currently unavailable)
rNeg     . . .     Spirit   .   d - +0 robe
rPois    .         Reflect  .   (no helmet)
rElec    .         Harm     .   (no cloak)
rCorr    .         Rampage  .   (no gloves)
Will     .....                  (no boots)
Stlth    +.........             (no amulet)
HPRegen  0.05/turn              (no ring)
MPRegen  0.10/turn              (no ring)

@: no status effects
A: no striking features
a: no special abilities


You were on level 1 of the Dungeon.
You visited 1 branch of the dungeon, and saw 1 of its levels.

Inventory:

Hand Weapons
 a - a +0 shortbow (weapon)
Armour
 d - a +0 robe (worn)
Scrolls
 b - a scroll of enchant weapon {unknown}


   Skills:
 - Level 0.7 Fighting
 + Level 4.1 Bows
 - Level 2.4 Dodging
 - Level 1.5 Spellcasting
 - Level 4.0 Hexes


You had 3 spell levels left.
You knew the following spells:

 Your Spells              Type           Power      Damage    Failure   Level
a - Corona                Hex            15%        N/A       4%          1

Your spell library contained the following spells:

 Spells                   Type           Power      Damage    Failure   Level
 Slow                     Hex            14%        N/A       6%          2
 Inner Flame              Hex/Fire       8%         N/A       26%         3
 Portal Projectile        Hex/Tloc       16%        N/A       26%         3
 Cause Fear               Hex            7%         N/A       36%         4


Dungeon Overview and Level Annotations

Branches:
Dungeon (1/15)

Altars:


Message History

Fire: 4 arrows
Press: ? - help, Q - select action, (/) - cycle Shift-Dir - straight line, f/p - giant cockroach
Aim: a giant cockroach (60% to hit)
You shoot an arrow.
The arrow hits the giant cockroach but does no damage.
The giant cockroach bites you.
Fire: 3 arrows
Press: ? - help, Q - select action, (/) - cycle Shift-Dir - straight line, f/p - giant cockroach
Aim: a giant cockroach (60% to hit)
You shoot an arrow.
The arrow barely misses the giant cockroach.
The giant cockroach bites you but does no damage.
The endoplasm hits you but does no damage.
Fire: 2 arrows
Press: ? - help, Q - select action, (/) - cycle Shift-Dir - straight line, f/p - giant cockroach
Aim: a giant cockroach (60% to hit)
You shoot an arrow.
The arrow barely misses the giant cockroach.
The giant cockroach bites you. The endoplasm freezes you.
You are frozen.
Fire: arrow
Press: ? - help, Q - select action, (/) - cycle Shift-Dir - straight line, f/p - giant cockroach
Aim: a giant cockroach (60% to hit)
You shoot an arrow. The arrow hits the giant cockroach.
You kill the giant cockroach!
The endoplasm freezes you.
You are frozen.
Unknown command.
Unknown command.
Unknown command.
Unknown command.
The endoplasm freezes you.
You are frozen.
* * * LOW HITPOINT WARNING * * *
Things that are here:
an arrow; a giant cockroach corpse The endoplasm freezes you.
You are frozen.
You die...

..........#######
..........#####
####........... #
#....#.##### ♣#.
##.#.#.# ##.
...(#######.#.#.# #..
#.>.((....†....# ##..
#......J...###≈≈≈≈≈≈≈≈≈
#(.(.(@(...##≈≈≈≈≈≈≈≈≈≈
..(##########≈≈≈≈≈≈≈≈≈≈≈
#≈≈≈8≈≈≈≈≈≈≈≈
#≈≈≈≈≈≈≈≈≈≈≈≈
.≈≈≈≈...≈≈≈≈≈
..≈≈.≈≈≈.≈≈≈≈
.≈..≈≈≈≈.>≈≈≈
.≈≈≈≈≈≈≈<.≈≈≈
#≈≈≈≈≈≈≈≈.≈≈≈


You could see an endoplasm.

Vanquished Creatures
  A dart slug (D:1)
  A giant cockroach (D:1)
  A goblin (D:1)
  4 hobgoblins (D:1)
  A quokka (D:1)
  A bat (D:1)
  3 frilled lizards (D:1)
  A rat (D:1)
13 creatures vanquished.

Notes
Turn   | Place    | Note
-------+----------+-------------------------------------------
     0 | D:1      | Smaepdii the Deep Elf Arcane Marksman began the quest for
                  | the Orb.
     0 | D:1      | Reached XP level 1. HP: 11/11 MP: 5/5
   212 | D:1      | Reached XP level 2. HP: 16/16 MP: 6/6
   276 | D:1      | Frozen to death by an endoplasm

Illustrated notes

Levels and vault maps discovered:
D:1:      nzn_arrival_water_spiral, layout_basic, minmay_tree_intersection

Skill      XL: |  1  2 |
---------------+-------+-----
Bows           | 3 4 |  4.1
Fighting       | |  0.7
Dodging        | |  2.4
Spellcasting   | |  1.5
Hexes          | |  4.0

Action                   || total
-------------------------++-------
 Fire: Shortbow          ||    42
Armor: Robe              ||     3
Dodge: Dodged            ||     1
